 Dungeon Crawl Stone Soup version 0.26-a0-652-gafc20e3620 (webtiles) character file.

Game seed: 667153141379267955

78864 Gargoyl the Fighter (level 15, -3/120 HPs)
             Began as a Gnoll Abyssal Knight on Oct 4, 2020.
             Was the Champion of Lugonu.
             Slain by a harpy (8 damage)
             ... summoned by Kirke
             ... on level 14 of the Dungeon.
             The game lasted 00:37:20 (29844 turns).

Gargoyl the Fighter (Gnoll Abyssal Knight)         Turns: 29844, Time: 00:37:21

Health: -3/120     AC:  0    Str: 19    XL:     15   Next: 61%
Magic:  29/29      EV: 24    Int: 14    God:    Lugonu [******]
Gold:   2054       SH:  0    Dex: 19    Spells: 34/34 levels left

rFire    . . .     SeeInvis +     - Unarmed
rCold    . . .     Faith    .   (shield currently unavailable)
rNeg     . . .     Spirit   .   (armour currently unavailable)
rPois    .         Reflect  .   (helmet currently unavailable)
rElec    .         Harm     .   (cloak currently unavailable)
rCorr    .         Rampage  .   (gloves currently unavailable)
MR       +....                  (boots currently unavailable)
Stlth    ++++++....             (no amulet)
HPRegen  0.30/turn              (ring currently unavailable)
MPRegen  0.21/turn              (ring currently unavailable)

@: pig-form, very quick
A: small, distributed training, thin skeletal structure 1, see invisible, agile
1, dopey 1, screaming 1, wild magic 1, MP-powered wands, strong nose
a: Depart the Abyss, Bend Space, Banish, Corrupt, Enter the Abyss, Brand Weapon
With Distortion, Renounce Religion


You were on level 14 of the Dungeon.
You worshipped Lugonu.
Lugonu was exalted by your worship.
You were a filthy swine.
You visited 2 branches of the dungeon, and saw 21 of its levels.
You visited the Abyss 2 times.

You collected 2078 gold pieces.
You spent 24 gold pieces at shops.

Inventory:

Hand Weapons
 a - a +2 broad axe
 A - a +9 war axe of venom (melded)
 K - a +4 scimitar of flaming
 N - a cursed +3 war axe of freezing
Missiles
 q - 115 poisoned darts (quivered)
Armour
 c - a +2 buckler (melded)
 e - a +2 cloak (melded)
 l - a +2 pair of boots (melded)
 p - a +2 pair of gloves (melded)
 R - a +1 helmet
 W - a +1 plate armour of poison resistance (melded)
Jewellery
 h - an uncursed ring of protection from magic {unknown}
 k - a +6 ring of strength (melded)
 v - the ring "Pexisev" (melded) {+Blink rPois Dex+3 SInv}
   (You found it on level 5 of the Dungeon)

   [ring of poison resistance]

   It affects your dexterity (+3).
   It protects you from poison.
   It lets you see invisible.
   It lets you blink.
 I - a +6 ring of intelligence {unknown}
 L - a +4 ring of evasion
 S - an uncursed amulet of regeneration {unknown}
Wands
 d - a wand of paralysis (36)
 B - a wand of enslavement (19)
 D - a wand of iceblast (25)
 E - a wand of disintegration (37)
 G - a wand of random effects (11)
 H - a wand of polymorph (10)
 O - a wand of acid (6)
 T - a wand of digging (3)
 V - a wand of flame (70)
Scrolls
 n - a scroll of summoning
 w - 6 scrolls of magic mapping
 x - 3 scrolls of fog
 y - 10 scrolls of teleportation
 F - 13 scrolls of remove curse
 M - 2 scrolls of fear
 Q - 2 scrolls of identify
Potions
 b - 2 potions of might
 g - 2 potions of lignification
 i - 8 potions of stabbing
 j - 3 potions of magic
 m - 10 potions of flight
 o - 3 potions of haste
 r - 7 potions of curing
 s - a potion of resistance
 t - a potion of experience {unknown}
 u - 7 potions of cancellation {unknown}
 z - a potion of berserk rage {unknown}
 C - 5 potions of brilliance {unknown}
 J - a potion of ambrosia {unknown}
Miscellaneous
 P - a lightning rod (4/4)
 U - a lightning rod (4/4)


   Skills:
 + Level 11.9 Fighting
 + Level 10.2 Short Blades
 + Level 10.2 Long Blades
 + Level 11.1 Axes
 + Level 10.2 Maces & Flails
 + Level 10.2 Polearms
 + Level 10.2 Staves
 + Level 10.2 Slings
 + Level 10.2 Bows
 + Level 10.2 Crossbows
 + Level 10.2 Throwing
 + Level 11.1 Armour
 + Level 10.5 Dodging
 + Level 10.2 Stealth
 + Level 10.2 Shields
 + Level 10.2 Unarmed Combat
 + Level 10.2 Spellcasting
 + Level 8.6 Conjurations
 + Level 8.6 Hexes
 + Level 8.6 Summonings
 + Level 8.6 Necromancy
 + Level 8.6 Translocations
 + Level 8.6 Transmutations
 + Level 8.6 Fire Magic
 + Level 8.6 Ice Magic
 + Level 8.6 Air Magic
 + Level 8.6 Earth Magic
 + Level 8.6 Poison Magic
 + Level 11.8 Invocations
 + Level 10.2 Evocations


You had 34 spell levels left.
You didn't know any spells.
Your spell library contained the following spells:

 Spells                   Type           Power        Failure   Level
 Animate Skeleton         Necr           #####.       1%          1
 Apportation              Tloc           #####.       1%          1
 Beastly Appendage        Tmut           #####.       1%          1
 Corona                   Hex            #####..      1%          1
 Summon Small Mammal      Summ           ####         1%          1
 Wereblood                Tmut           #####...     1%          2
 Gell's Gravitas          Tloc           #####.....   1%          3
 Portal Projectile        Hex/Tloc       #####.       1%          3
 Spider Form              Tmut/Pois      #####.....   1%          3
 Animate Dead             Necr           #####.....   5%          4
 Ice Form                 Ice/Tmut       #####...     5%          4
 Blade Hands              Tmut           #####.....   13%         5
 Borgnjor's Vile Clutch   Necr/Erth      #####.....   13%         5
 Death Channel            Necr           #####.....   52%         6
 Dispersal                Tloc           #####.....   52%         6
 Simulacrum               Ice/Necr       #####.....   52%         6
 Disjunction              Tloc           #####.....   100%        8


Dungeon Overview and Level Annotations

Branches:
Dungeon (15/15)            Temple (0/1) D:6            Lair (6/6) D:10
 Shoals (0/4) Lair:4       Spider (0/4) Lair:4        Slime (0/5) Lair:6
    Orc (0/2) D:9          Vaults (0/5) D:14
 Depths: D:15

Altars:
Ashenzari
Dithmenos
Fedhas
Gozag
Hepliaklqana
Makhleb
Nemelex Xobeh
Okawaru
Qazlal
Ru
Vehumet
Wu Jian
Yredelemnul

Shops:
D:4 (   D:5 :   D:6 *   D:9 [*

Annotations:
D:14 Kirke
Abyss:1 Duvessa


Innate Abilities, Weirdness & Mutations

Your experience applies equally to all skills.
((You have very sharp teeth.))
Your uncanny sense of smell can sniff out nearby items.
((You have a pair of small horns on your head.))
You have a somewhat thin skeletal structure. (Dex +2, Stealth)
You have supernaturally acute eyesight. (SInv)
You are agile. (Dex +2)
You are dopey. (Int -2)
((Your system is resistant to poisons. (rPois)))
You occasionally shout uncontrollably at your foes.
Your spells are a little harder to cast, but a little more powerful.
You expend magic power (3 MP) to strengthen your wands.


Message History

The harpy claws you! The harpy completely misses you.
The harpy closely misses you. The harpy completely misses you.
The harpy completely misses you. The harpy misses you.
The harpy screeches!
The harpy closely misses you. The harpy barely misses you. x2
The harpy claws you. The harpy completely misses you.
The harpy closely misses you.
The harpy screeches!
The harpy closely misses you. The harpy misses you. The harpy claws you!
The harpy claws you. The harpy barely misses you.
The harpy completely misses you. The harpy completely misses you.
The harpy claws you!
* * * LOW HITPOINT WARNING * * *
The harpy claws you!
* * * LOW HITPOINT WARNING * * *
The harpy barely misses you. The harpy claws you!!
* * * LOW HITPOINT WARNING * * *
The harpy claws you!
You die...

..######################.........
.................................
.................................
.........############...#########
.........# #...# .........# #...#
.........# #...#
.........############...#########
.......K.......Hh................
.:.............H...[#############
.....##############.#
....................#############
.W.................).............
.@............###################
############..# #..#
#..###################


You could see 2 harpies.

Vanquished Creatures
  Jorgrun (D:14)
  Roxanne (D:14)
  Louise (D:14)
  2 fire dragons (Lair:6)
  3 hydras
  Harold (D:7)
  8 vault guards (D:14)
  Erica (Lair:2)
  3 centaur warriors
  5 two-headed ogres
  3 death yaks (D:10)
  Sonja (Lair:4)
  An unseen horror (D:13)
  A swamp dragon (Lair:6)
  2 lindwurms (Lair:6)
  A deep elf mage (D:13)
  A necromancer (D:10)
  An oklob plant (Lair:1)
  4 manticores
  3 ugly things
  3 cyclopes (D:12)
  A black mamba (Lair:5)
  The ghost of DoubleLucky the Firebug, a novice DEFE (D:4)
  6 torpor snails
  Maggie (D:7)
  5 cane toads
  2 kobold demonologists
  3 rime drakes
  10 komodo dragons
  2 freezing wraiths
  3 trolls
  A merfolk (D:8)
  10 hippogriffs
  8 hornets
  Prince Ribbit (D:5)
  13 blink frogs
  3 tyrant leeches (Lair:6)
  6 slime creatures (D:13)
  2 dream sheep (Lair:5)
  2 shadows (D:10)
  A tarantella (Lair:4)
  4 flying skulls (D:10)
  7 wraiths
  26 yaks
  4 wyverns
  A large abomination (Abyss:3)
  6 hogs
  A small abomination (Abyss:3)
  5 vampire mosquitoes
  Grum (D:10)
  A basilisk (Lair:6)
  Menkaure (D:5)
  3 steam dragons (Lair:6)
  3 acid dragons
  A soldier ant (D:12)
  14 water moccasins
  13 porcupines
  6 orc warriors
  3 phantoms
  4 sky beasts
  4 necrophages
  4 ice beasts
  12 black bears
  4 ogres
  16 wolves
  10 centaurs
  28 crocodiles
  5 big kobolds
  26 bullfrogs
  A wyvern zombie (D:10)
  2 gnoll sergeants (D:8)
  A water moccasin zombie (D:6)
  2 wyvern skeletons (D:10)
  8 scorpions
  Dowan (D:5)
  10 killer bees (D:11)
  23 wights
  2 howler monkeys
  6 electric eels
  6 centaur zombies
  6 bullfrog zombies
  3 quasits
  7 hounds
  4 jellies
  8 orc priests
  9 centaur skeletons
  3 gnoll shamans (D:8)
  13 orc wizards
  2 bullfrog skeletons
  11 iguanas
  Jessica (D:3)
  3 hell rats (D:10)
  13 worker ants
  3 hound zombies
  A hound skeleton (D:4)
  A howler monkey zombie (D:10)
  A worker ant zombie (D:10)
  14 adders
  15 gnolls
  3 shadow imps
  3 white imps
  2 ufetubi
  2 oozes (D:1)
  3 adder zombies
  2 adder skeletons (D:5)
  5 worms
  4 dart slugs
  14 leopard geckos
  44 orcs
  6 giant cockroaches
  7 goblins
  7 hobgoblins
  25 jackals
  10 quokkas
  A ball python (D:4)
  10 bats
  12 frilled lizards
  2 gnoll zombies (D:9)
  A jackal skeleton (D:4)
  A jackal zombie (D:6)
  17 kobolds
  A quokka skeleton (D:4)
  A quokka zombie (D:5)
  9 rats
713 creatures vanquished.

Vanquished Creatures (collateral kills)
  A bullfrog skeleton (D:9)
1 creature vanquished.

Vanquished Creatures (others)
  A bush (D:6)
  14 fungi
  90 plants
105 creatures vanquished.

Grand Total: 819 creatures vanquished

Notes
Turn   | Place    | Note
-------+----------+-------------------------------------------
     0 | Abyss:1  | Gargoyl the Gnoll Abyssal Knight began the quest for the
                  | Orb.
     0 | Abyss:1  | Reached XP level 1. HP: 23/23 MP: 3/3
    35 | Abyss:1  | Noticed a wretched star
    36 | D:1      | Escaped the Abyss
    72 | D:1      | Reached * piety under Lugonu
   154 | D:1      | Reached XP level 2. HP: 29/29 MP: 5/5
   421 | D:1      | Reached XP level 3. HP: 28/35 MP: 6/6
   966 | D:2      | Reached skill level 1 in Short Blades
   966 | D:2      | Reached skill level 1 in Long Blades
   966 | D:2      | Reached skill level 1 in Maces & Flails
   966 | D:2      | Reached skill level 1 in Polearms
   966 | D:2      | Reached skill level 1 in Staves
   966 | D:2      | Reached skill level 1 in Slings
   966 | D:2      | Reached skill level 1 in Bows
   966 | D:2      | Reached skill level 1 in Crossbows
   966 | D:2      | Reached skill level 1 in Throwing
   966 | D:2      | Reached skill level 1 in Stealth
   966 | D:2      | Reached skill level 1 in Shields
   966 | D:2      | Reached skill level 1 in Unarmed Combat
   966 | D:2      | Reached skill level 1 in Spellcasting
   966 | D:2      | Reached skill level 1 in Evocations
   975 | D:2      | Reached ** piety under Lugonu
   975 | D:2      | Reached XP level 4. HP: 30/41 MP: 7/7
  1158 | D:2      | Found a radiant altar of Vehumet.
  1238 | D:2      | Reached skill level 1 in Conjurations
  1238 | D:2      | Reached skill level 1 in Hexes
  1238 | D:2      | Reached skill level 1 in Summonings
  1238 | D:2      | Reached skill level 1 in Necromancy
  1238 | D:2      | Reached skill level 1 in Translocations
  1238 | D:2      | Reached skill level 1 in Transmutations
  1238 | D:2      | Reached skill level 1 in Fire Magic
  1238 | D:2      | Reached skill level 1 in Ice Magic
  1238 | D:2      | Reached skill level 1 in Air Magic
  1238 | D:2      | Reached skill level 1 in Earth Magic
  1238 | D:2      | Reached skill level 1 in Poison Magic
  1387 | D:2      | Reached XP level 5. HP: 47/47 MP: 8/8
  1829 | D:3      | Gained mutation: You expend magic power (3 MP) to
                  | strengthen your wands. [potion of mutation]
  1829 | D:3      | Gained mutation: Your spells are a little harder to cast,
                  | but a little more powerful. [potion of mutation]
  1829 | D:3      | Gained mutation: You tend to lose your temper in combat.
                  | [potion of mutation]
  1829 | D:3      | Gained mutation: You can translocate small distances at
                  | will. [potion of mutation]
  1830 | D:3      | Lost mutation: You tend to lose your temper in combat.
                  | [potion of mutation]
  1830 | D:3      | Lost mutation: You can translocate small distances at will.
                  | [potion of mutation]
  1830 | D:3      | Gained mutation: Your muscles are strong. (Str +2) [potion
                  | of mutation]
  1830 | D:3      | Lost mutation: Your muscles are strong. (Str +2) [potion of
                  | mutation]
  1830 | D:3      | Gained mutation: You are dopey. (Int -2) [potion of
                  | mutation]
  1830 | D:3      | Gained mutation: You evolve. [potion of mutation]
  2565 | D:3      | Found an opulent altar of Gozag.
  2653 | D:3      | Reached skill level 5 in Invocations
  2658 | D:3      | Reached XP level 6. HP: 53/53 MP: 9/9
  2736 | D:3      | Noticed Jessica
  2745 | D:3      | Killed Jessica
  3028 | D:4      | Reached skill level 5 in Axes
  3028 | D:4      | Reached skill level 5 in Armour
  3047 | D:4      | Reached *** piety under Lugonu
  3180 | D:4      | Noticed DoubleLucky's ghost (novice DEFE)
  3186 | D:4      | Found a runed translucent door.
  3224 | D:4      | Killed DoubleLucky's ghost
  3224 | D:4      | Reached XP level 7. HP: 56/60 MP: 9/11
  3405 | D:4      | Found a sparkling altar of Nemelex Xobeh.
  3823 | D:4      | Found Tuproh's Antique Weapon Shop.
  4075 | D:5      | Entered Level 5 of the Dungeon
  4109 | D:5      | Noticed Prince Ribbit
  4112 | D:5      | Noticed Dowan
  4129 | D:5      | Killed Dowan
  4129 | D:5      | Reached XP level 8. HP: 23/67 MP: 12/12
  4130 | D:5      | HP: 2/67 [Prince Ribbit (11)]
  4134 | D:5      | Killed Prince Ribbit
  4136 | D:5      | Noticed Duvessa
  4140 | D:5      | Banished Duvessa
  4149 | D:5      | Got a translucent amber ring
  4388 | D:4      | Identified the ring "Pexisev" {+Blink rPois Dex+3 SInv}
                  | (You found it on level 5 of the Dungeon)
  4404 | D:5      | Noticed Menkaure
  4415 | D:5      | Killed Menkaure
  4942 | D:5      | Gained mutation: You have supernaturally acute eyesight.
                  | (SInv) [evolution]
  5006 | D:5      | Found Qaezaxku's Book Shoppe.
  5220 | D:6      | Reached **** piety under Lugonu
  5233 | D:6      | Found Sorghu Monome's General Store.
  5421 | D:6      | Found a staircase to the Ecumenical Temple.
  5500 | D:6      | Reached XP level 9. HP: 70/72 MP: 14/14
  6023 | D:6      | Reached skill level 5 in Dodging
  6174 | D:6      | Found a blossoming altar of Fedhas.
  6525 | D:6      | Reached ***** piety under Lugonu
  6594 | D:6      | Found a stormy altar of Qazlal.
  6596 | D:6      | Found a sacrificial altar of Ru.
  6597 | D:6      | Found a hazy altar of Hepliaklqana.
  6976 | D:7      | Got a pair of twisted boots
  6987 | D:7      | Identified the cursed -3 pair of boots of the Wilderness
                  | {*Corrode MP+9 Int+6 SInv} (You found it on level 7 of the
                  | Dungeon)
  7111 | D:7      | Noticed Maggie
  7121 | D:7      | Killed Maggie
  7210 | D:7      | Reached XP level 10. HP: 80/80 MP: 17/17
  7322 | D:7      | Found a broken altar of Ashenzari.
  7331 | D:7      | Noticed Harold
  7358 | D:7      | Killed Harold
  7358 | D:7      | Reached skill level 5 in Short Blades
  7358 | D:7      | Reached skill level 5 in Long Blades
  7358 | D:7      | Reached skill level 5 in Maces & Flails
  7358 | D:7      | Reached skill level 5 in Polearms
  7358 | D:7      | Reached skill level 5 in Staves
  7358 | D:7      | Reached skill level 5 in Slings
  7358 | D:7      | Reached skill level 5 in Bows
  7358 | D:7      | Reached skill level 5 in Crossbows
  7358 | D:7      | Reached skill level 5 in Throwing
  7358 | D:7      | Reached skill level 5 in Stealth
  7358 | D:7      | Reached skill level 5 in Shields
  7358 | D:7      | Reached skill level 5 in Unarmed Combat
  7358 | D:7      | Reached skill level 5 in Spellcasting
  7358 | D:7      | Reached skill level 5 in Evocations
  8314 | D:8      | Noticed a manticore
  8329 | D:8      | Killed a manticore
  8476 | D:8      | Gained mutation: Your muscles are strong. (Str +2)
                  | [evolution]
  9127 | D:8      | Reached XP level 11. HP: 35/87 MP: 19/19
  9884 | D:8      | Found an iron altar of Okawaru.
 10277 | D:8      | Noticed a two-headed ogre
 10289 | D:8      | Killed a two-headed ogre
 10289 | D:8      | Reached skill level 5 in Conjurations
 10289 | D:8      | Reached skill level 5 in Hexes
 10289 | D:8      | Reached skill level 5 in Summonings
 10289 | D:8      | Reached skill level 5 in Necromancy
 10289 | D:8      | Reached skill level 5 in Translocations
 10289 | D:8      | Reached skill level 5 in Transmutations
 10289 | D:8      | Reached skill level 5 in Fire Magic
 10289 | D:8      | Reached skill level 5 in Ice Magic
 10289 | D:8      | Reached skill level 5 in Air Magic
 10289 | D:8      | Reached skill level 5 in Earth Magic
 10289 | D:8      | Reached skill level 5 in Poison Magic
 10636 | D:8      | Noticed a two-headed ogre
 10656 | D:8      | Killed a two-headed ogre
 11055 | D:8      | Noticed a two-headed ogre
 11066 | D:8      | Killed a two-headed ogre
 11736 | D:8      | Gained mutation: You occasionally shout uncontrollably at
                  | your foes. [evolution]
 11824 | D:9      | Found Haxasus's Assorted Antiques.
 11845 | D:9      | Bought a scroll labeled BETAICVIHUV for 24 gold pieces
 12130 | D:9      | Found a burning altar of Makhleb.
 12225 | D:9      | Found Bykiomar's Specialty Armours.
 12251 | D:9      | Found an ornate altar of the Wu Jian Council.
 12260 | D:9      | Got a shimmering great sword
 12261 | D:9      | Identified the +6 great sword "Katit" {drain, MR+++ Str+8
                  | Int-4 Dex+3} (You found it on level 9 of the Dungeon)
 12317 | D:9      | Got a crude plate armour
 12328 | D:9      | Identified the cursed +0 plate armour of the Bulwark
                  | {rPois} (You found it on level 9 of the Dungeon)
 12463 | D:9      | Found a shadowy altar of Dithmenos.
 12526 | D:9      | Found a staircase to the Orcish Mines.
 12709 | D:9      | Found a basalt altar of Yredelemnul.
 12746 | D:10     | Entered Level 10 of the Dungeon
 12780 | D:10     | Reached ****** piety under Lugonu
 12836 | D:10     | Noticed a purple ugly thing
 12851 | D:10     | Killed a purple ugly thing
 13010 | D:10     | Noticed a centaur warrior
 13019 | D:10     | Killed a centaur warrior
 13019 | D:10     | Reached XP level 12. HP: 87/96 MP: 22/22
 13104 | D:10     | Noticed Grum
 13142 | D:10     | Killed Grum
 13180 | D:10     | Noticed a two-headed ogre
 13215 | D:10     | Killed a two-headed ogre
 13918 | D:10     | Identified the ring of Lust {Ice +Inv Str+3}
 14100 | D:10     | Noticed a death yak
 14105 | D:10     | Noticed a death yak
 14108 | D:10     | Noticed a death yak
 14118 | D:10     | Killed a death yak
 14130 | D:10     | Killed a death yak
 14130 | D:10     | Reached skill level 10 in Fighting
 14141 | D:10     | Killed a death yak
 14508 | D:10     | Found a staircase to the Lair.
 14990 | Lair:1   | Entered Level 1 of the Lair of Beasts
 15375 | Lair:1   | Gained mutation: Your system is resistant to poisons.
                  | (rPois) [evolution]
 15500 | Lair:1   | Noticed a five-headed hydra
 15501 | Lair:1   | Banished a five-headed hydra
 15501 | Lair:1   | Reached XP level 13. HP: 103/103 MP: 24/24
 16815 | Lair:2   | Noticed Erica
 16822 | Lair:2   | Killed Erica
 16877 | Lair:2   | Reached skill level 10 in Invocations
 18247 | Lair:3   | Got a warped flail
 18248 | Lair:3   | Identified the cursed +3 flail of the Secret Knives {elec,
                  | Fragile +Fly Dex+6} (You found it on level 3 of the Lair of
                  | Beasts)
 18818 | Lair:4   | Found a hole to the Spider Nest.
 19019 | Lair:4   | Noticed Sonja
 19047 | Lair:4   | Killed Sonja
 20227 | Lair:4   | Gained mutation: You have a somewhat thin skeletal
                  | structure. (Dex +2, Stealth) [evolution]
 20227 | Lair:4   | Lost mutation: You evolve. [end of evolution]
 20304 | Lair:4   | Found a staircase to the Shoals.
 20747 | Lair:5   | Reached XP level 14. HP: 111/111 MP: 26/26
 21095 | Lair:5   | Reached skill level 10 in Axes
 21095 | Lair:5   | Reached skill level 10 in Armour
 21344 | Lair:6   | Entered Level 6 of the Lair of Beasts
 21745 | Lair:6   | Found a staircase to the Slime Pits.
 22833 | Lair:6   | Found a runed translucent door.
 23703 | Lair:6   | Got a vibrating steel amulet
 24665 | D:11     | Identified the amulet of the Chupacabra {Inacc rF+} (You
                  | found it on level 6 of the Lair of Beasts)
 24779 | D:11     | Found the +4 dagger "Morg" {pain, MR+ Int+5}
 26616 | D:13     | Gained mutation: Your body sometimes deteriorates upon
                  | taking damage. [a neqoxec]
 26618 | D:13     | Reached skill level 10 in Dodging
 26723 | D:13     | Reached XP level 15. HP: 114/119 MP: 28/28
 27360 | D:14     | Lost mutation: Your body sometimes deteriorates upon taking
                  | damage. [potion of mutation]
 27360 | D:14     | Lost mutation: Your muscles are strong. (Str +2) [potion of
                  | mutation]
 27360 | D:14     | Gained mutation: You have a pair of small horns on your
                  | head. [potion of mutation]
 27360 | D:14     | Gained mutation: You are agile. (Dex +2) [potion of
                  | mutation]
 27540 | D:14     | Found a gate to the Vaults.
 27541 | D:14     | Noticed Louise
 27659 | D:14     | Cast into level 3 of the Abyss (Louise)
 27933 | D:14     | Escaped the Abyss
 27952 | D:14     | Killed Louise
 28090 | D:14     | Noticed Jorgrun
 28103 | D:14     | Killed Jorgrun
 28103 | D:14     | Reached skill level 10 in Short Blades
 28103 | D:14     | Reached skill level 10 in Long Blades
 28103 | D:14     | Reached skill level 10 in Maces & Flails
 28103 | D:14     | Reached skill level 10 in Polearms
 28103 | D:14     | Reached skill level 10 in Staves
 28103 | D:14     | Reached skill level 10 in Slings
 28103 | D:14     | Reached skill level 10 in Bows
 28103 | D:14     | Reached skill level 10 in Crossbows
 28103 | D:14     | Reached skill level 10 in Throwing
 28103 | D:14     | Reached skill level 10 in Stealth
 28103 | D:14     | Reached skill level 10 in Shields
 28103 | D:14     | Reached skill level 10 in Unarmed Combat
 28103 | D:14     | Reached skill level 10 in Spellcasting
 28103 | D:14     | Reached skill level 10 in Evocations
 28377 | D:14     | Identified Roxanne's Almanac of the Rocks
 28377 | D:14     | Noticed Roxanne
 29101 | D:14     | HP: 6/120 [Roxanne/bolt of magma (51)]
 29103 | D:14     | Killed Roxanne
 29518 | D:15     | Entered Level 15 of the Dungeon
 29549 | D:15     | Noticed Kirke
 29844 | D:14     | HP: 5/120 [harpy[Kirke] (18)]
 29844 | D:14     | Slain by a harpy

Illustrated notes

Levels and vault maps discovered:
D:1:      ebering_hopf_link, layout_basic
D:2:      layout_loops_ring, overflow_temple_1_default
D:3:      layout_basic, overflow_temple_1_default, uniq_jessica
D:4:      layout_basic, nicolae_overflow_crystal_walls,
          hellmonk_ghost_happy_afterlife, serial_shops, shop
D:5:      layout_cave_pools, serial_shops, kennysheep_mini_moat,
          uniq_prince_ribbit1, uniq_duvessa, uniq_menkaure
D:6:      layout_rooms, fedhas_bush_and_centaur_altar,
          grunt_temple_overflow_diamond, minmay_temple_entry_hall, serial_shops,
          shop, abandoned_shop, nrook_uturn
D:7:      layout_loops_corners, lemuel_crystal_altar, minmay_small_thing,
          uniq_harold, uniq_maggie
D:8:      kennysheep_town
D:9:      layout_loops_ring, lemuel_crystal_altar, lemuel_round_altar,
          grunt_dithmenos_shadows, lemuel_zombie_altar_yredelemnul, orc_0_dummy,
          serial_shops, shop_coins, nicolae_barding_shop
D:10:     hangedman_screamer, layout_loops_ring, dpeg_lair_monsters,
          serial_rivers, chequers_serial_rivers_large_a,
          chequers_serial_rivers_room_a, chequers_serial_rivers_small_b,
          chequers_serial_rivers_small_3, chequers_serial_rivers_micro_a,
          uniq_grum
D:11:     layout_rooms, eino_jars
D:12:     layout_roguey
D:13:     layout_rooms, hangedman_abyss_or_decor_stabs, minmay_checkerbox
D:14:     layout_long_grid, erik_vaults_2, bh_walls_and_bars, uniq_jorgrun,
          uniq_roxanne, uniq_louise
D:15:     gammafunk_enter_depths_forms, layout_basic, lemuel_round_altar,
          drop_trap, david_greed, uniq_kirke, uniq_nessos
Lair:1:   layout_small_grid, minmay_lair_oklob_chamber, serial_bayou_shore_a,
          grunt_megastairs_4
Lair:2:   layout_regular_city, uniq_erica
Lair:3:   layout_chaotic_city
Lair:4:   lemuel_reptile_caves, layout_gridlike, minmay_shoals_entry_beasts,
          spider_nest_entry_rubble, minivault_19, uniq_sonja
Lair:5:   layout_roguey, chequers_serial_rivers_small_b
Lair:6:   wormcave, layout_loops_ring, guppyfry_lair_end_dragon,
          minmay_slime_entry_oklob_open

Skill      XL: |  1  2  3  4  5  6  7  8  9 10 11 12 13 14 15 |
---------------+----------------------------------------------+-----
Short Blades   | 1 2 3 4 5 6 7 8 9 10 | 10.2
Long Blades    | 1 2 3 4 5 6 7 8 9 10 | 10.2
Maces & Flails | 1 2 3 4 5 6 7 8 9 10 | 10.2
Polearms       | 1 2 3 4 5 6 7 8 9 10 | 10.2
Staves         | 1 2 3 4 5 6 7 8 9 10 | 10.2
Slings         | 1 2 3 4 5 6 7 8 9 10 | 10.2
Bows           | 1 2 3 4 5 6 7 8 9 10 | 10.2
Crossbows      | 1 2 3 4 5 6 7 8 9 10 | 10.2
Throwing       | 1 2 3 4 5 6 7 8 9 10 | 10.2
Stealth        | 1 2 3 4 5 6 7 8 9 10 | 10.2
Shields        | 1 2 3 4 5 6 7 8 9 10 | 10.2
Unarmed Combat | 1 2 3 4 5 6 7 8 9 10 | 10.2
Spellcasting   | 1 2 3 4 5 6 7 8 9 10 | 10.2
Evocations     | 1 2 3 4 5 6 7 8 9 10 | 10.2
Conjurations   | 1 2 3 4 5 6 7 8 |  8.6
Hexes          | 1 2 3 4 5 6 7 8 |  8.6
Summonings     | 1 2 3 4 5 6 7 8 |  8.6
Necromancy     | 1 2 3 4 5 6 7 8 |  8.6
Translocations | 1 2 3 4 5 6 7 8 |  8.6
Transmutations | 1 2 3 4 5 6 7 8 |  8.6
Fire Magic     | 1 2 3 4 5 6 7 8 |  8.6
Ice Magic      | 1 2 3 4 5 6 7 8 |  8.6
Air Magic      | 1 2 3 4 5 6 7 8 |  8.6
Earth Magic    | 1 2 3 4 5 6 7 8 |  8.6
Poison Magic   | 1 2 3 4 5 6 7 8 |  8.6
Dodging        | 3 4 5 6 7 8 9 10 | 10.5
Invocations    | 5 6 7 8 9 10 11 | 11.8
Axes           | 5 6 7 8 9 10 11 | 11.1
Armour         | 5 6 7 8 9 10 11 | 11.1
Fighting       | 7 8 9 10 11 | 11.9

Action                   |  1- 3 |  4- 6 |  7- 9 | 10-12 | 13-15 || total
-------------------------+-------+-------+-------+-------+-------++-------
Melee: Hand axe          |    94 |   256 |   365 |       |       ||   715
       Bite              |     8 |    21 |    58 |   129 |   205 ||   421
       War axe           |       |       |    73 |   697 |  1028 ||  1798
       Long sword        |       |       |       |    47 |       ||    47
       Scimitar          |       |       |       |       |    19 ||    19
       Headbutt          |       |       |       |       |    98 ||    98
       Unarmed           |       |       |       |       |     1 ||     1
Throw: Dart              |       |       |       |     1 |       ||     1
Invok: Depart the Abyss  |     1 |       |       |       |     1 ||     2
       Banish            |       |       |     2 |     2 |     8 ||    12
       Bend Space        |       |       |       |       |     3 ||     3
  Use: Scroll            |     6 |     5 |     4 |    12 |    15 ||    42
       Potion            |       |     2 |     1 |     1 |     9 ||    13
 Stab: Sleeping          |       |       |       |       |     1 ||     1
Armor: Leather armour    |    23 |       |       |       |       ||    23
       Chain mail        |    16 |   144 |   218 |   214 |       ||   592
       Plate armour      |       |       |       |   138 |   612 ||   750
Dodge: Dodged            |    72 |    82 |   222 |   452 |   641 ||  1469
Block: Buckler           |    27 |    98 |   184 |   337 |   530 ||  1176
       Rpst.: Long sword |       |       |       |     7 |       ||     7

Table legend: (Time is in decaauts)
 A = Elapsed time spent in this place.
 B = Non-inter-level travel time spent in this place.
 C = Inter-level travel time spent in this place.
 D = Time resting spent in this place.
 E = Time spent auto-exploring this place.
 F = Levels seen in this place.
 G = Mean time per level.
                   A        B        C        D        E       F      G
               +--------+--------+--------+--------+--------+-----+--------+
         Total |  30113 |  29491 |    622 |   9058 |  14276 |  23 | 1309.3 |
       Dungeon |  20379 |  20029 |    350 |   5726 |   9538 |  15 | 1358.6 |
          Lair |   9425 |   9154 |    271 |   3093 |   4702 |   6 | 1570.8 |
         Abyss |    309 |    309 |      0 |    239 |     36 |   2 |  154.5 |
               +--------+--------+--------+--------+--------+-----+--------+

Top non-repeatable levels by time:
     D:8: 3744 daAuts
  Lair:6: 2927 daAuts
    D:14: 2156 daAuts
    D:10: 2033 daAuts
  Lair:4: 1889 daAuts
  Lair:1: 1875 daAuts
     D:6: 1465 daAuts
     D:7: 1406 daAuts
     D:4: 1350 daAuts
     D:9: 1302 daAuts
    D:12: 1163 daAuts
     D:3: 1163 daAuts
    D:13: 1114 daAuts
  Lair:2: 1103 daAuts
     D:1: 911 daAuts
